 Dungeon Crawl Stone Soup version 0.23-a0-321-g6bcb69f (webtiles) character file.

60134 namelastname112 the Fencer (level 14, -3/126 HPs)
             Began as a Pale Draconian Gladiator on Oct 15, 2018.
             Was an Initiate of Gozag.
             Slain by a hellwing (12 damage)
             ... summoned by an orc sorcerer
             ... led by an orc knight
             ... while paralysed by an orc sorcerer
             ... on level 2 of the Orcish Mines.
             The game lasted 00:40:05 (23419 turns).

namelastname112 the Fencer (DrGl)                  Turns: 23419, Time: 00:40:05

Health: -3/126     AC: 11    Str: 16    XL:     14   Next: 55%
Magic:  21/21      EV:  2    Int: 15    God:    Gozag
Gold:   1436       SH:  0    Dex: 17    Spells: 13/13 levels left

rFire    . . .     SeeInvis +   p - +6 long sword of Annihilation {drain, Int+5}
rCold    . . .     Gourm    .   (no shield)
rNeg     . . .     Faith    .   (armour unavailable)
rPois    .         Spirit   .   (helmet restricted)
rElec    .         Reflect  .   r - +1 cloak {+Inv}
rCorr    .         Harm     .   A - +0 pair of gloves
MR       +....                  (no boots)
Stlth    ++........             w - amulet of magic regeneration
HPRegen  0.31/turn              k - ring of see invisible
MPRegen  0.42/turn              E - ring of wizardry

@: paralysed, gold aura
A: breathe steam, unfitting armour, cold-blooded, AC +8
a: Breathe Steam, Potion Petition, Call Merchant, Bribe Branch, Renounce
Religion, Evoke Invisibility


You were on level 2 of the Orcish Mines.
You worshipped Gozag.
Gozag was most pleased with you.
You were not hungry.

You visited 4 branches of the dungeon, and saw 19 of its levels.

You collected 4585 gold pieces.
You spent 584 gold pieces at shops.
You paid 2565 gold pieces to Gozag.

Inventory:

Hand Weapons
 p - the +6 long sword of Annihilation (weapon) {drain, Int+5}
   (You bought it in a shop on level 9 of the Dungeon)

   A truly terrible weapon, it drains the life of those it strikes.
   It affects your intelligence (+5).
 v - a +1 triple sword of holy wrath
 J - the +11 great sword of Responsibility {venom, rC- Dex+4}
   (You bought it in a shop on level 15 of the Dungeon)

   It poisons the flesh of those it strikes.
   It affects your dexterity (+4).
   It makes you vulnerable to cold.
Missiles
 c - 3 throwing nets (quivered)
Armour
 q - the +3 hat of Pondering {ponderous, MR+ MP+10 Int+5}
   (You took it off Gastronok on level 12 of the Dungeon)

   It affects your intelligence (+5).
   It affects your resistance to hostile enchantments.
   It affects your magic capacity (+10).
 r - a +1 cloak of invisibility (worn)
 A - a +0 pair of gloves (worn)
Jewellery
 k - a ring of see invisible (left hand)
 w - an amulet of magic regeneration (around neck)
 E - a ring of wizardry (right hand)
Wands
 a - a wand of enslavement (17)
 t - a wand of paralysis (14)
 x - a wand of acid (3)
 y - a wand of flame (53)
 B - a wand of polymorph (18)
 H - a wand of digging (11)
Scrolls
 b - 3 scrolls of enchant weapon
 e - 15 scrolls of remove curse
 f - 4 scrolls of enchant armour
 g - a scroll of blinking
 i - 2 scrolls of amnesia
 l - 6 scrolls of teleportation
 u - 7 scrolls of identify
 D - a scroll of fog
Potions
 h - 3 potions of lignification
 j - a potion of cancellation
 m - a potion of brilliance
 n - a potion of ambrosia
 o - 3 potions of agility
 s - 2 potions of curing
 z - a potion of berserk rage
 C - a potion of resistance
 F - a potion of flight {unknown}
 G - a potion of might {unknown}
 K - a potion of haste
Comestibles
 d - 5 rations


   Skills:
 + Level 12.1 Fighting
 * Level 15.3 Long Blades
 + Level 10.3 Throwing
 + Level 10.6 Dodging
 + Level 9.8 Evocations


You had 13 spell levels left.
You didn't know any spells.
Your spell library contained the following spells:

 Spells                   Type           Power        Failure   Level  Hunger
 Flame Tongue             Conj/Fire      #....        11%         1    ##.....
 Summon Small Mammal      Summ           #...         11%         1    ##.....
 Call Imp                 Summ           #.......     16%         2    ###....
 Throw Flame              Conj/Fire      #.....       16%         2    ###....
 Call Canine Familiar     Summ           #.......     32%         3    ####...
 Conjure Flame            Conj/Fire      #.......     32%         3    ####...
 Inner Flame              Hex/Fire       #.......     32%         3    ####...
 Summon Guardian Golem    Hex/Summ       #.......     32%         3    ####...
 Sticky Flame             Conj/Fire      #.......     69%         4    #####..
 Summon Ice Beast         Ice/Summ       #.......     69%         4    #####..
 Summon Lightning Spire   Summ/Air       #.......     69%         4    #####..
 Fireball                 Conj/Fire      #.........   95%         5    ######.
 Irradiate                Conj/Tmut      #.........   95%         5    ######.
 Hydra Form               Tmut           #.........   100%        6    #######
 Statue Form              Tmut/Erth      #........    100%        6    #######
 Dragon Form              Tmut           #.........   100%        7    #######


Dungeon Overview and Level Annotations

Branches:
Dungeon (15/15)            Temple (1/1) D:5            Lair (1/6) D:9
    Orc (2/2) D:9          Vaults (0/5) D:13         Depths (0/5) D:15
    Elf: Orc:2

Altars:
Ashenzari
Cheibriados
Dithmenos
Elyvilon
Fedhas
Gozag
Hepliaklqana
Kikubaaqudgha
Makhleb
Nemelex Xobeh
Qazlal
Ru
Sif Muna
Trog
Uskayaw
Vehumet
Wu Jian
Xom
Yredelemnul
Zin
The Shining One
Beogh

Shops:
D:4 ?   D:9 (   D:10 [   D:15 (

Annotations:
D:6 3 runed doors, DapperDogman's ghost, novice MiFi; Kidiri's ghost, novice TrHu; heinrich's ghost, novice OpEE
D:7 4 runed doors
Orc:1 3 runed doors, Omajezou's ghost, adept CeHu


Innate Abilities, Weirdness & Mutations

You can breathe blasts of scalding, opaque steam.
Your pale cyan-grey scales are hard. (AC +8)
You cannot fit into any form of body armour.
You are cold-blooded and may be slowed by cold attacks.


Message History

The orc knight hits you with a +0 dire flail!
The hellwing misses you. The hellwing hits you!
The orc sorcerer gestures at you while chanting.
You suddenly lose the ability to move!
You have got your breath back.
The sixfirhy hits you but does no damage.
The sixfirhy hits you!
* * * LOW HITPOINT WARNING * * *
The sixfirhy shocks you!
* * * LOW HITPOINT WARNING * * *
The sixfirhy barely misses you.
The sixfirhy becomes distracted by the nearby gold, dreaming of imaginary The hellwing hits you.
* * * LOW HITPOINT WARNING * * *
The hellwing hits you.
* * * LOW HITPOINT WARNING * * *
The orc knight hits you but does no damage.
The hellwing hits you!
You die...
Your body crumbles into a pile of gold.

....[.[........#....
..............#.#..
........<........#
......).........#
..............$.## #
..........$....#.## #.##
.........$........#....#
...........)..##o4....#
..........$<$$o3@...#
...$......$....#.#.##
#.##.#..#.##..#### #
###############


You could see an orc knight, a hellwing, a sixfirhy (unaware) and an orc
sorcerer.

Vanquished Creatures
  Rupert (D:15)
  Gastronok (D:12)
  An orc warlord (D:9)
  Erolcha (D:13)
  Josephine (Orc:2)
  A hydra (D:15)
  Harold (D:11)
  12 two-headed ogres
  An ogre mage (D:15)
  5 centaur warriors
  Sonja (D:11)
  3 skeletal warriors (D:14)
  5 unseen horrors
  2 wizards (D:15)
  Pikel (D:5)
  2 wolf spider zombies
  A necromancer (D:15)
  An orc knight (D:12)
  A manticore (D:13)
  An orc sorcerer (D:15)
  A deep elf mage (D:12)
  10 ugly things
  6 cyclopes
  Maurice (D:10)
  A gargoyle (D:10)
  Psyche (D:12)
  5 kobold demonologists
  A redback zombie (D:15)
  7 trolls
  Prince Ribbit (D:8)
  4 hippogriffs
  A hornet (D:12)
  A harpy skeleton (D:15)
  8 slime creatures (D:12)
  2 meliai zombies (D:13)
  Sigmund (D:3)
  A shadow (D:11)
  5 wraiths
  10 yaks
  A vampire (D:10)
  2 basilisks (D:9)
  Grum (D:7)
  A wyvern (D:10)
  16 humans
  6 hungry ghosts
  4 vampire mosquitoes (D:15)
  An acid dragon (D:15)
  4 wargs
  2 soldier ants
  Duvessa (D:6)
  5 porcupines
  22 orc warriors
  2 slaves (D:5)
  4 ice beasts
  3 sky beasts
  2 black bears
  2 eyes of draining (D:11)
  10 ogres
  8 centaurs
  3 wolves
  2 necrophages
  4 crocodiles
  6 big kobolds
  8 bullfrogs
  A wyvern zombie (D:6)
  Dowan (D:6)
  5 scorpions
  6 killer bees (D:8)
  2 electric eels (D:10)
  3 centaur zombies
  8 crimson imps
  4 bullfrog zombies
  6 hounds
  4 jellies
  9 orc priests
  Crazy Yiuf (D:3)
  5 centaur skeletons
  4 bullfrog skeletons
  Ijyb (D:4)
  9 worker ants
  Natasha (thrice) (D:3 D:9)
  3 iguanas
  25 orc wizards
  A yak simulacrum (D:15)
  4 polar bear simulacra (D:15)
  A wolf simulacrum (D:15)
  A bullfrog simulacrum (D:10)
  2 centaur simulacra
  2 hound skeletons (D:7)
  A hound zombie (D:5)
  2 worker ant zombies (D:9)
  A killer bee simulacrum (D:10)
  7 gnolls
  A howler monkey skeleton (D:7)
  10 adders
  A hound simulacrum (D:10)
  5 shadow imps
  3 white imps (D:10)
  A worker ant simulacrum (D:10)
  A howler monkey simulacrum (D:10)
  An ufetubus (D:10)
  2 oozes
  4 adder skeletons
  3 worms
  3 dart slugs
  A leopard gecko (D:6)
  101 orcs
  2 ball pythons (D:3)
  3 giant cockroaches
  2 goblins
  6 hobgoblins
  5 jackals
  23 kobolds
  4 quokkas
  4 bats
  A frilled lizard (D:1)
  6 rats
  5 river rat simulacra (D:15)
  A fungus (D:3)
551 creatures vanquished.

Vanquished Creatures (others)
  An orc (Orc:2)
  A bush (D:9)
  2 fungi (D:9)
  14 plants (D:9)
  2 withered plants (D:6)
20 creatures vanquished.

Grand Total: 571 creatures vanquished

Notes
Turn   | Place    | Note
-------+----------+-------------------------------------------
     0 | D:1      | namelastname112 the Draconian Gladiator began the quest for
                  | the Orb.
     0 | D:1      | Reached XP level 1. HP: 17/17 MP: 1/1
   208 | D:1      | Reached XP level 2. HP: 25/25 MP: 2/2
   675 | D:2      | Reached XP level 3. HP: 22/30 MP: 3/3
  1569 | D:3      | Noticed Sigmund
  1646 | D:3      | Reached XP level 4. HP: 37/37 MP: 4/4
  1649 | D:3      | Reached skill level 8 in Long Blades
  1649 | D:3      | Reached skill level 5 in Throwing
  1649 | D:3      | Reached skill level 5 in Dodging
  1649 | D:3      | Reached XP level 5. HP: 50/50 MP: 5/5
  1654 | D:3      | Noticed Natasha
  1664 | D:3      | Killed Natasha
  1735 | D:3      | Noticed Natasha
  1740 | D:3      | Killed Natasha
  1781 | D:3      | Killed Sigmund
  1781 | D:3      | Reached XP level 6. HP: 27/58 MP: 6/6
  2169 | D:3      | Found a snail-covered altar of Cheibriados.
  2229 | D:3      | Found a runed door.
  2233 | D:3      | Noticed Crazy Yiuf
  2244 | D:3      | Killed Crazy Yiuf
  2802 | D:4      | Found Romuysipt's Magic Scroll Emporium.
  2810 | D:4      | Bought a scroll of teleportation for 36 gold pieces
  2982 | D:4      | Noticed Ijyb
  3142 | D:4      | Your scales start taking on a pale cyan-grey colour.
  3142 | D:4      | Reached XP level 7. HP: 64/64 MP: 7/7
  3394 | D:4      | Paralysed by Ijyb for 5 turns
  3403 | D:4      | Paralysed by Ijyb for 6 turns
  3422 | D:4      | Killed Ijyb
  3469 | D:4      | Found a shimmering altar of Xom.
  3470 | D:4      | Found a shimmering altar of Xom.
  3555 | D:5      | Entered Level 5 of the Dungeon
  4155 | D:5      | Noticed Pikel
  4165 | D:5      | Killed Pikel
  4165 | D:5      | Reached skill level 9 in Long Blades
  4165 | D:5      | Reached XP level 8. HP: 51/73 MP: 8/8
  4221 | D:5      | Found a staircase to the Ecumenical Temple.
  4278 | D:5      | Found a runed door.
  4906 | D:5      | Found a roughly hewn altar of Beogh.
  5150 | Temple   | Entered the Ecumenical Temple
  5208 | Temple   | Became a worshipper of Gozag Ym Sagoz the Greedy
  5551 | D:6      | Reached XP level 9. HP: 39/79 MP: 9/9
  5724 | D:6      | Noticed Dowan
  5726 | D:6      | Noticed Duvessa
  5732 | D:6      | Killed Dowan
  5740 | D:6      | Killed Duvessa
  5881 | D:6      | Found a runed gate.
  5881 | D:6      | Found a runed gate.
  5882 | D:6      | Found a runed gate.
  5883 | D:6      | Noticed heinrich's ghost (novice OpEE)
  5883 | D:6      | Noticed DapperDogman's ghost (novice MiFi)
  5884 | D:6      | Noticed Kidiri's ghost (novice TrHu)
  5921 | D:6      | Found a stormy altar of Qazlal.
  6059 | D:6      | Reached skill level 10 in Long Blades
  6421 | D:7      | Found a white marble altar of Elyvilon.
  6493 | D:7      | Found a huge runed gate.
  6493 | D:7      | Found a huge runed gate.
  6493 | D:7      | Found a huge runed gate.
  6493 | D:7      | Found a huge runed gate.
  6493 | D:7      | Noticed a polar bear
  6493 | D:7      | Noticed a manticore
  6493 | D:7      | Noticed a manticore
  6872 | D:7      | Found a glowing golden altar of the Shining One.
  7066 | D:8      | Noticed Prince Ribbit
  7080 | D:8      | Noticed a two-headed ogre
  7271 | D:8      | Noticed Grum
  7541 | D:7      | Killed Grum
  7543 | D:7      | Reached skill level 1 in Evocations
  7733 | D:8      | Killed a two-headed ogre
  7733 | D:8      | Reached XP level 10. HP: 68/88 MP: 9/11
  8141 | D:8      | Found an ancient bone altar of Kikubaaqudgha.
  8214 | D:8      | Killed Prince Ribbit
  8753 | D:9      | Found a staircase to the Orcish Mines.
  8753 | D:9      | Noticed Natasha
  8785 | D:9      | Reached skill level 11 in Long Blades
  8792 | D:9      | Killed Natasha
  9093 | D:9      | Bought a jewelled long sword for 238 gold pieces
  9093 | D:9      | Identified the +6 long sword of Annihilation {drain, Int+5}
                  | (You bought it in a shop on level 9 of the Dungeon)
  9203 | D:9      | Found a roughly hewn altar of Beogh.
  9570 | D:9      | Found a staircase to the Lair.
  9598 | D:9      | Reached XP level 11. HP: 88/95 MP: 13/13
  9813 | D:9      | Found a radiant altar of Vehumet.
  9815 | D:9      | Found a burning altar of Makhleb.
  9942 | D:10     | Entered Level 10 of the Dungeon
  9942 | D:10     | Noticed Maurice
  9961 | D:10     | Killed Maurice
 10505 | D:10     | Found an ancient bone altar of Kikubaaqudgha.
 11009 | D:10     | Identified a scroll of acquirement
 11372 | D:11     | Found a sacrificial altar of Ru.
 11491 | D:11     | Reached skill level 12 in Long Blades
 11491 | D:11     | Reached skill level 5 in Evocations
 11759 | D:11     | Noticed Sonja
 11771 | D:11     | Killed Sonja
 12154 | D:11     | Found a shimmering altar of Xom.
 12188 | D:11     | Noticed Harold
 12203 | D:11     | Killed Harold
 13037 | D:12     | Noticed Gastronok
 13048 | D:12     | Killed Gastronok
 13048 | D:12     | Reached XP level 12. HP: 106/106 MP: 16/16
 13079 | D:12     | Noticed Psyche
 13096 | D:12     | Killed Psyche
 13096 | D:12     | Reached skill level 10 in Fighting
 13711 | D:13     | Found a gate to the Vaults.
 13711 | D:13     | Noticed a two-headed ogre
 13711 | D:13     | Noticed a centaur warrior
 13777 | D:13     | Reached skill level 13 in Long Blades
 14372 | D:12     | Killed a two-headed ogre
 14580 | D:13     | Noticed a two-headed ogre
 14589 | D:13     | Killed a two-headed ogre
 14750 | D:13     | Killed a centaur warrior
 15131 | D:13     | Noticed a two-headed ogre
 15140 | D:13     | Killed a two-headed ogre
 15179 | D:13     | Noticed Erolcha
 15188 | D:13     | Killed Erolcha
 15211 | D:13     | Reached XP level 13. HP: 107/114 MP: 18/18
 15919 | D:14     | Reached skill level 14 in Long Blades
 16035 | D:14     | HP: 4/116 [centaur warrior simulacrum (22)]
 17231 | D:14     | You fall through a shaft!
 17231 | D:15     | Entered Level 15 of the Dungeon
 18347 | D:15     | Bought a twisted great sword for 310 gold pieces
 18347 | D:15     | Identified the +11 great sword of Responsibility {venom,
                  | rC- Dex+4} (You bought it in a shop on level 15 of the
                  | Dungeon)
 18383 | D:15     | Reached skill level 10 in Dodging
 19437 | D:15     | Noticed Rupert
 19954 | D:15     | Reached XP level 14. HP: 63/124 MP: 20/20
 20368 | D:15     | Reached skill level 10 in Throwing
 20388 | D:15     | Killed Rupert
 20457 | D:15     | Found a staircase to the Depths.
 21032 | D:15     | Reached skill level 15 in Long Blades
 21661 | Lair:1   | Entered Level 1 of the Lair of Beasts
 21728 | Orc:1    | Entered Level 1 of the Orcish Mines
 21990 | Orc:1    | Found a runed gate.
 21991 | Orc:1    | Found a runed gate.
 21992 | Orc:1    | Found a runed gate.
 21994 | Orc:1    | Noticed Omajezou's ghost (adept CeHu)
 22006 | Orc:1    | Noticed an orc warlord
 22471 | D:9      | Killed an orc warlord
 22792 | Orc:2    | Entered Level 2 of the Orcish Mines
 22809 | Orc:2    | Noticed Josephine
 22825 | Orc:2    | Killed Josephine
 23417 | Orc:2    | Paralysed by an orc sorcerer for 6 turns
 23419 | Orc:2    | Slain by a hellwing

Vault maps used:
D:1:      saegor_arrival_simple_e, minivault_24
D:3:      kennysheep_slug_shrine, uniq_natasha, uniq_crazy_yiuf_cottage,
          uniq_sigmund
D:4:      xom_redecorated, serial_shops, nicolae_shop_crystal,
          minmay_misc_feat_doors, uniq_ijyb
D:5:      nicolae_overflow_hidden_temple, minmay_temple_entry_statues_fountains,
          first_ration, lightli_church_of_beogh, uniq_pikel
D:6:      wad_pebble_path, lemuel_round_altar, gammafunk_ghost_cemetery,
          uniq_duvessa
D:7:      lemuel_bear_cage, nicolae_overflow_crystal_walls, tso_altar
D:8:      kiku_gazebo_garden_becter, blue_anna_alchemist,
          hangedman_abyss_or_decor_stagger, uniq_prince_ribbit1, uniq_grum
D:9:      grunt_temple_overflow_lords_of_destruction, minmay_lair_entry_grove
D:10:     basic_altar, serial_ice, serial_ice_i, serial_ice_f, serial_ice_h,
          serial_ice_e, serial_ice_m, serial_ice_b, serial_ice_c, uniq_maurice
D:11:     basic_altar, grunt_decor_mini_mirrors, skrybe_limestone_x,
          nicolae_ru_path_of_blood, uniq_sonja, uniq_harold
D:12:     uniq_psyche, uniq_gastronok
D:13:     david_vaults_3, uniq_erolcha
D:14:     grunt_decor_arrowhead, lab_entry_generic
D:15:     grunt_enter_depths_magical_seal, eino_house_with_fridge, uniq_rupert
Temple:   cyrus_circular_temple
Lair:1:   st_stairs_12, chequers_serial_rivers_large_a, kennysheep_snail_temple
Orc:1:    gammafunk_ghost_necromancy
Orc:2:    st_orc_open, uniq_saint_roka, uniq_josephine, uniq_urug

Skill      XL: |  1  2  3  4  5  6  7  8  9 10 11 12 13 14 |
---------------+-------------------------------------------+-----
Throwing       | 2 5 6 7 8 9 10 | 10.3
Dodging        | 3 5 6 7 8 9 10 | 10.6
Fighting       | 6 7 8 9 10 11 12 | 12.1
Long Blades    | 8 9 10 11 12 13 14 15 | 15.3
Evocations     | 2 3 6 7 9 |  9.8

Action                   |  1- 3 |  4- 6 |  7- 9 | 10-12 | 13-15 || total
-------------------------+-------+-------+-------+-------+-------++-------
Melee: Long sword        |   105 |    90 |   140 |   538 |   592 ||  1465
       Tailslap          |    16 |    18 |    70 |   135 |   143 ||   382
       Scimitar          |       |       |   198 |   116 |       ||   314
       Triple sword      |       |       |       |       |    17 ||    17
Throw: Throwing net      |       |       |     1 |     1 |     1 ||     3
Invok: Call Merchant     |       |       |       |     2 |     1 ||     3
 Abil: Breathe Steam     |       |       |    15 |    20 |    21 ||    56
Evoke: Wand              |       |       |     1 |     5 |     3 ||     9
  Use: Scroll            |     4 |       |       |    18 |     5 ||    27
       Potion            |       |     1 |     1 |     2 |     3 ||     7
 Stab: Sleeping          |       |       |     3 |     1 |     2 ||     6
       Distracted        |       |       |     1 |     2 |     5 ||     8
       Paralysed         |       |       |       |     2 |       ||     2
       Held in net/web   |       |       |       |       |     2 ||     2
  Eat: Chunk             |     2 |     1 |     5 |       |       ||     8
       Ration            |       |     1 |     4 |    10 |     9 ||    24
Armor: Skin              |    35 |    15 |    73 |   146 |   108 ||   377
Dodge: Dodged            |    91 |    73 |   265 |   500 |   479 ||  1408
       Rpst.: Long sword |    34 |    24 |    31 |   111 |   119 ||   319
       Scimitar          |       |       |    69 |    25 |       ||    94
       Triple sword      |       |       |       |       |     1 ||     1

Table legend:
 A = Non-vault XP
 B = Vault XP
 C = Vault XP percentage of total XP
 D = Non-vault monster count
 E = Vault monster count
 F = Vault count percentage of total count
                 A         B        C        D         E       F
            +---------+---------+-------+---------+---------+-------
      Total |   54494 |   31313 |  36.5 |     399 |     149 |  27.2
            +---------+---------+-------+---------+---------+-------
        D:1 |      33 |       0 |   0.0 |      15 |       0 |   0.0
        D:2 |      60 |       0 |   0.0 |      17 |       0 |   0.0
        D:3 |      62 |     311 |  83.4 |      10 |       4 |  28.6
        D:4 |     232 |      36 |  13.4 |      20 |       1 |   4.8
        D:5 |     410 |    1133 |  73.4 |      14 |      26 |  65.0
        D:6 |     983 |     218 |  18.2 |      20 |       2 |   9.1
        D:7 |     713 |     304 |  29.9 |      17 |       2 |  10.5
        D:8 |    2232 |     487 |  17.9 |      30 |       3 |   9.1
        D:9 |    5659 |    2177 |  27.8 |      36 |      38 |  51.4
       D:10 |    2169 |    1243 |  36.4 |      20 |      16 |  44.4
       D:11 |    2613 |    1767 |  40.3 |      25 |       2 |   7.4
       D:12 |    5461 |    5200 |  48.8 |      37 |      11 |  22.9
       D:13 |    6022 |    4631 |  43.5 |      25 |      13 |  34.2
       D:14 |   10597 |       0 |   0.0 |      26 |       0 |   0.0
       D:15 |   13960 |   11018 |  44.1 |      39 |      24 |  38.1
     Lair:1 |     250 |       0 |   0.0 |       2 |       0 |   0.0
      Orc:1 |    1407 |     411 |  22.6 |      26 |       2 |   7.1
      Orc:2 |    1631 |    2377 |  59.3 |      20 |       5 |  20.0
            +---------+---------+-------+---------+---------+-------
